 Dungeon Crawl Stone Soup version 0.27-a0-1116-g91b3acb402 (webtiles) character file.

Game seed: 4864561445923306546

205 leviel the Skirmisher (level 5, 0/50 HPs)
             Began as a Minotaur Fighter on May 2, 2021.
             Slain by a gnoll
             ... wielding a +0 flail
              (4 damage)
             ... on level 2 of the Dungeon.
             The game lasted 00:01:23 (1569 turns).

leviel the Skirmisher (Minotaur Fighter)            Turns: 1569, Time: 00:01:24

Health: 0/50       AC:  6    Str: 22    XL:     5   Next: 53%
Magic:  4/4        EV:  7    Int:  5    God:
Gold:   112        SH: 11    Dex:  9    Spells: 4/4 levels left

rFire    . . .     SeeInvis .   a - +0 war axe
rCold    . . .     Faith    .   j - +2 kite shield
rNeg     . . .     Spirit   .   b - +0 scale mail
rPois    .         Reflect  .   (helmet restricted)
rElec    .         Harm     .   (no cloak)
rCorr    .         Rampage  .   (no gloves)
Will     .....                  (no boots)
Stlth    ..........             (no amulet)
HPRegen  0.16/turn              (no ring)
MPRegen  0.09/turn              (no ring)

@: no status effects
A: horns 2, retaliatory headbutt
a: no special abilities


You were on level 2 of the Dungeon.
You visited 1 branch of the dungeon, and saw 2 of its levels.

You collected 112 gold pieces.

Inventory:

Hand Weapons
 a - a +0 war axe (weapon)
Armour
 b - a +0 scale mail (worn)
 d - a +0 plate armour
 j - a +2 kite shield (worn)
Scrolls
 e - a scroll of vulnerability
 f - a scroll of magic mapping {unknown}
 g - a scroll of blinking {unknown}
 h - a scroll of enchant armour {unknown}
 i - a scroll of identify
 k - a scroll of teleportation {unknown}
 l - a scroll of fog {unknown}
Potions
 c - 2 potions of degeneration {unknown}


   Skills:
 + Level 5.9 Fighting
 + Level 5.2 Axes
 - Level 3.6 Armour
 - Level 3.6 Shields


You had 4 spell levels left.
You didn't know any spells.
Your spell library contained the following spells:

 Spells                   Type           Power      Damage    Failure   Level
 Animate Skeleton         Necr           0%         N/A       99%         1
 Pain                     Necr           0%         1d4       99%         1
 Summon Small Mammal      Summ           0%         N/A       99%         1
 Call Imp                 Summ           0%         N/A       100%        2
 Call Canine Familiar     Summ           0%         N/A       100%        3
 Summon Guardian Golem    Hex/Summ       0%         N/A       100%        3
 Vampiric Draining        Necr           0%         2d6       100%        3
 Animate Dead             Necr           0%         N/A       100%        4
 Summon Ice Beast         Ice/Summ       0%         N/A       100%        4
 Summon Lightning Spire   Summ/Air       0%         N/A       100%        4
 Agony                    Necr           0%         N/A       100%        5


Dungeon Overview and Level Annotations

Branches:
Dungeon (2/15)

Altars:

Annotations:
D:2 Sigmund


Innate Abilities, Weirdness & Mutations

You have a pair of horns on your head.
You reflexively headbutt those who attack you in melee.


Message History

Sigmund casts a spell at you.
You are confused.
Sigmund screams, "Only death can liberate you!"
Sigmund barely misses you.
You bump into the rock wall.
Sigmund casts a spell at himself.
Sigmund flickers and vanishes!
Deactivating autopickup; reactivate with Ctrl-A.
Something hits you!
You are too confused!
You feel less confused.
Found a plate armour.
A magic dart appears from out of thin air!
The magic dart hits you but does no damage.
A gnoll comes into view. It is wielding a +0 flail.
The gnoll shouts!
The gnoll throws a throwing net.
The throwing net hits you.
You become entangled in the net!
A gnoll comes into view. It is wielding a +0 halberd.
Found a runed plate armour.
Things that are here:
a throwing net; a +0 plate armour
d - a +0 plate armour The gnoll shouts!
You struggle against the net.
Something hits you!
You struggle against the net.
Something hits you.
You struggle against the net.
Something hits you.
The gnoll hits you from afar with a +0 halberd.
* * * LOW HITPOINT WARNING * * *
You rip the net and break free!
The gnoll barely misses you.
A magic dart appears from out of thin air!
The magic dart hits you.
* * * LOW HITPOINT WARNING * * *
The gnoll hits you from afar with a +0 halberd!
* * * LOW HITPOINT WARNING * * *
As you read the scroll labelled EZEHAL XYMURGH, it crumbles to dust.
It is a scroll of identify.
e - a scroll of vulnerability The gnoll hits you with a +0 flail.
You die...

#........(..####....##
.....................#
.......#.......####.#.##
...............#.. .#...
...###.........#.##.....
# #..#.......#.#..##
...#......{...g# .
########.g.## . #.@.# #
#....# #......#
.......... ...........
##..........
[..#.........
..........^...


You could see 2 gnolls.

Vanquished Creatures
  A wyvern (D:2)
  2 gnolls
  2 adders (D:2)
  A worm (D:2)
  A bat (D:1)
  A giant cockroach (D:2)
  2 hobgoblins (D:1)
  3 jackals (D:1)
  2 kobolds (D:1)
  A quokka (D:2)
  A ball python (D:2)
  2 goblins
  A rat (D:2)
20 creatures vanquished.

Notes
Turn   | Place    | Note
-------+----------+-------------------------------------------
     0 | D:1      | leviel the Minotaur Fighter began the quest for the Orb.
     0 | D:1      | Reached XP level 1. HP: 19/19 MP: 0/0
    93 | D:1      | Reached XP level 2. HP: 3/27 MP: 1/1
   448 | D:1      | Found a faded altar of an unknown god.
  1099 | D:2      | Reached XP level 3. HP: 24/34 MP: 2/2
  1455 | D:2      | Noticed a wyvern
  1461 | D:2      | Killed a wyvern
  1462 | D:2      | Reached skill level 5 in Fighting
  1462 | D:2      | Reached skill level 5 in Axes
  1462 | D:2      | Reached XP level 4. HP: 35/44 MP: 3/3
  1462 | D:2      | Reached XP level 5. HP: 40/50 MP: 4/4
  1541 | D:2      | Noticed Sigmund
  1569 | D:2      | Slain by a gnoll

Illustrated notes

Levels and vault maps discovered:
D:1:      sevenhm_arrival_forest_fort_large_2, layout_loops_ring,
          hellmonk_ecumenical_altar_lost_god
D:2:      layout_rooms, uniq_sigmund

Skill      XL: |  1  2  3 |
---------------+----------+-----
Fighting       | 4 5 |  5.9
Axes           | 3 5 |  5.2
Armour         | |  3.6
Shields        | |  3.6

Action                   |  1- 3 |  4- 6 || total
-------------------------+-------+-------++-------
Melee: War axe           |    58 |     8 ||    66
       Headbutt          |    13 |     1 ||    14
  Use: Potion            |     1 |       ||     1
       Scroll            |       |     1 ||     1
Armor: Scale mail        |    22 |     4 ||    26
Dodge: Dodged            |    19 |     2 ||    21
Block: Kite shield       |    34 |     4 ||    38

Table legend: (Time is in decaauts)
 A = Elapsed time spent in this place.
 B = Non-inter-level travel time spent in this place.
 C = Inter-level travel time spent in this place.
 D = Time resting spent in this place.
 E = Time spent auto-exploring this place.
 F = Levels seen in this place.
 G = Mean time per level.
                   A        B        C        D        E       F      G
               +--------+--------+--------+--------+--------+-----+--------+
         Total |   1604 |   1574 |     30 |    417 |    967 |   2 |  802.0 |
       Dungeon |   1604 |   1574 |     30 |    417 |    967 |   2 |  802.0 |
               +--------+--------+--------+--------+--------+-----+--------+

Top non-repeatable levels by time:
     D:1: 1109 daAuts
     D:2: 495 daAuts
